 Dungeon Crawl Stone Soup version 0.27-a0-1081-ge8a0a9c698 (console) character file.

Game seed: 3454003877524388948

512661 nht the Minotaur Arbalest (level 24, -25/249 HPs)
             Began as a Minotaur Hunter on Apr 25, 2021.
             Was the Champion of Okawaru.
             Annihilated by an ettin
             ... wielding a +0 dire flail
              (44 damage)
             ... on level 5 of the Vaults on Apr 26, 2021.
             The game lasted 01:46:24 (51485 turns).

nht the Minotaur Arbalest (Minotaur Hunter)        Turns: 51485, Time: 01:46:24

Health: -25/249    AC: 35    Str: 24    XL:     24   Next: 38%
Magic:  32/32      EV: 10    Int: 15    God:    Okawaru [******]
Gold:   4527       SH:  0    Dex: 15    Spells: 23/23 levels left

rFire    + + .     SeeInvis +   a - +7 triple xbow {penet, rF- rN++ Will+ Int+8}
rCold    . . .     Faith    .   (shield currently unavailable)
rNeg     + + .     Spirit   .   s - +8 chain mail of Cynicism {Contam Fly rF+++ Regen+}
rPois    .         Reflect  .   S - +2 hat {Stlth+}
rElec    +         Harm     .   q - +2 cloak {Stlth+}
rCorr    .         Rampage  .   g - +0 pair of gloves
Will     +++..                  m - +0 pair of boots of Lust {rElec Slay+4}
Stlth    +.........             Z - amulet of regeneration
HPRegen  2.51/turn              L - ring of see invisible
MPRegen  0.23/turn              U - ring of willpower

@: flying
A: horns 2, retaliatory headbutt, iridescent scales 1, dopey 1, no potion heal
1, MP-powered wands
}: 2/15 runes: decaying, serpentine
a: Renounce Religion, Heroism, Finesse


You were on level 5 of the Vaults.
You worshipped Okawaru.
Okawaru was exalted by your worship.
You visited 8 branches of the dungeon, and saw 40 of its levels.
You visited the Abyss 1 time.
You also visited: Ossuary and Gauntlet.

You collected 5851 gold pieces.
You spent 1324 gold pieces at shops.

Inventory:

Hand Weapons
 a - the +7 triple crossbow of Generosity (weapon) {penet, rF- rN++ Will+ Int+8}
   (Okawaru gifted it to you on level 1 of the Swamp)

   Ammo fired by it passes through the targets it hits, potentially hitting all
   targets in its path until it reaches maximum range.
   It affects your intelligence (+8).
   It makes you vulnerable to fire.
   It greatly protects you from negative energy.
   It increases your willpower.
 B - the +8 arbalest "Ibretosi" {flame, Will+ rCorr Str+2}
   (You found it on level 3 of the Elven Halls)

   It causes projectiles fired from it to burn those they strike, causing extra
   injury to most foes and up to half again as much damage against particularly
   susceptible opponents.
   It affects your strength (+2).
   It protects you from acid and corrosion.
   It increases your willpower.
 D - the +4 arbalest of Wuits {penet, rElec rN+ Int+5 Dex-5}
   (You acquired it on level 2 of the Swamp)

   Ammo fired by it passes through the targets it hits, potentially hitting all
   targets in its path until it reaches maximum range.
   It affects your intelligence (+5).
   It affects your dexterity (-5).
   It insulates you from electricity.
   It protects you from negative energy.
Missiles
 d - 1115 bolts (quivered ammo)
 C - 7 boomerangs of dispersal
 F - 3 throwing nets
 N - 15 curare-tipped darts
 Q - 14 atropa-tipped darts
Armour
 g - a +0 pair of gloves (worn)
 m - the +0 pair of boots of Lust (worn) {rElec Slay+4}
   (You found it on level 1 of the Vaults)

   It affects your accuracy and damage with ranged weapons and melee attacks
   (+4).
   It insulates you from electricity.
 q - a +2 cloak of stealth (worn)
 s - the +8 chain mail of Cynicism (worn) {Contam Fly rF+++ Regen+}
   (Okawaru gifted it to you on level 1 of the Vaults)

   It renders you almost immune to fire.
   It grants you flight.
   It causes magical contamination when unequipped.
   It increases your rate of health regeneration.
 S - a +2 hat of stealth (worn)
Jewellery
 H - a ring of protection from cold
 K - a ring of poison resistance
 L - a ring of see invisible (left hand)
 M - a ring of flight
 R - a ring of willpower
 U - a ring of willpower (right hand)
 Z - an amulet of regeneration (around neck)
Scrolls
 b - 2 scrolls of summoning
 e - 14 scrolls of teleportation
 f - 23 scrolls of identify
 i - 3 scrolls of holy word
 j - 9 scrolls of enchant armour
 l - 12 scrolls of magic mapping
 o - 3 scrolls of silence
 u - 3 scrolls of fog
 x - 4 scrolls of blinking
 V - 3 scrolls of immolation
 W - 3 scrolls of enchant weapon
 Y - 3 scrolls of fear
Potions
 c - 5 potions of magic
 h - a potion of invisibility
 k - 7 potions of attraction
 n - 4 potions of mutation
 p - 5 potions of heal wounds
 r - 5 potions of might
 t - a potion of resistance
 v - 5 potions of flight
 w - 8 potions of brilliance
 z - 15 potions of curing
 J - 4 potions of lignification
 O - 6 potions of haste
 P - 2 potions of cancellation
Miscellaneous
 y - a box of beasts
 A - a phantom mirror
 E - a phial of floods
 G - a condenser vane
 I - a lightning rod (4/4)
 T - a tin of tremorstones (2/2)


   Skills:
 O Level 27 Fighting
 O Level 27 Crossbows
 + Level 21.2 Armour
 - Level 2.1 Dodging
 - Level 0.7 Stealth
 - Level 14.0 Invocations


You had 23 spell levels left.
You didn't know any spells.
Your spell library contained the following spells:

 Spells                   Type           Power      Damage    Failure   Level
 Animate Skeleton         Necr           0%         N/A       63%         1
 Apportation              Tloc           0%         N/A       63%         1
 Beastly Appendage        Tmut           0%         N/A       63%         1
 Corona                   Hex            0%         N/A       63%         1
 Foxfire                  Conj/Fire      0%         2x1d4     63%         1
 Magic Dart               Conj           0%         1d3       63%         1
 Pain                     Necr           0%         1d4       63%         1
 Shock                    Conj/Air       0%         1d3       63%         1
 Sting                    Tmut/Pois      0%         1d3       63%         1
 Summon Small Mammal      Summ           0%         N/A       63%         1
 Blink                    Tloc           N/A        N/A       77%         2
 Call Imp                 Summ           0%         N/A       77%         2
 Corpse Rot               Necr/Air       N/A        N/A       77%         2
 Poisonous Vapours        Pois/Air       0%         N/A       77%         2
 Searing Ray              Conj           0%         3d3       77%         2
 Slow                     Hex            0%         N/A       77%         2
 Static Discharge         Conj/Air       0%         N/A       77%         2
 Sublimation of Blood     Necr           0%         N/A       77%         2
 Wereblood                Tmut           0%         N/A       77%         2
 Call Canine Familiar     Summ           0%         N/A       94%         3
 Confusing Touch          Hex            0%         N/A       94%         3
 Conjure Flame            Conj/Fire      0%         6-21      94%         3
 Dazzling Flash           Conj/Hex       0%         N/A       94%         3
 Gell's Gravitas          Tloc           0%         N/A       94%         3
 Ignite Poison            Fire/Tmut/Pois 0%         N/A       94%         3
 Inner Flame              Hex/Fire       0%         N/A       94%         3
 Mephitic Cloud           Conj/Pois/Air  0%         N/A       94%         3
 Summon Guardian Golem    Hex/Summ       0%         N/A       94%         3
 Swiftness                Air            0%         N/A       94%         3
 Vampiric Draining        Necr           0%         2d6       94%         3
 Airstrike                Air            0%         N/A       100%        4
 Animate Armour           Summ/Erth      0%         N/A       100%        4
 Animate Dead             Necr           0%         N/A       100%        4
 Dispel Undead            Necr           0%         3d6       100%        4
 Fulminant Prism          Conj/Hex       0%         3d6       100%        4
 Hailstorm                Conj/Ice       0%         3d3       100%        4
 Ice Form                 Ice/Tmut       0%         N/A       100%        4
 Iskenderun's Mystic Bla  Conj/Tloc      0%         2d3       100%        4
 Leda's Liquefaction      Hex/Erth       0%         N/A       100%        4
 Petrify                  Tmut/Erth      0%         N/A       100%        4
 Sticky Flame             Conj/Fire      0%         2d3       100%        4
 Summon Ice Beast         Ice/Summ       0%         N/A       100%        4
 Summon Lightning Spire   Summ/Air       0%         N/A       100%        4
 Agony                    Necr           0%         N/A       100%        5
 Bolt of Magma            Conj/Fire/Erth 0%         4d4       100%        5
 Excruciating Wounds      Necr           0%         N/A       100%        5
 Fireball                 Conj/Fire      0%         3d3       100%        5
 Iskenderun's Battlesphe  Conj           0%         2d6       100%        5
 Lightning Bolt           Conj/Air       0%         1d11      100%        5
 Metabolic Englaciation   Hex/Ice        0%         N/A       100%        5
 Silence                  Hex/Air        0%         N/A       100%        5
 Summon Forest            Summ/Tloc      0%         N/A       100%        5
 Summon Mana Viper        Hex/Summ       0%         N/A       100%        5
 Yara's Violent Unravell  Hex/Tmut       0%         3d3       100%        5
 Conjure Ball Lightning   Conj/Air       0%         3x3d6     100%        6
 Eringya's Noxious Bog    Tmut/Pois      0%         N/A       100%        6
 Freezing Cloud           Conj/Ice/Air   0%         6-21      100%        6
 Iron Shot                Conj/Erth      0%         9d1       100%        6
 Shadow Creatures         Summ           N/A        N/A       100%        6
 Simulacrum               Ice/Necr       0%         N/A       100%        6
 Starburst                Conj/Fire      0%         8x6d3     100%        6
 Statue Form              Tmut/Erth      0%         N/A       100%        6
 Orb of Destruction       Conj           0%         N/A       100%        7
 Ozocubu's Refrigeration  Ice            0%         4d5       100%        7
 Spellforged Servitor     Conj/Summ      0%         N/A       100%        7
 Summon Hydra             Summ           0%         N/A       100%        7
 Ignition                 Fire           0%         3d3       100%        8
 Shatter                  Erth           0%         3d5*      100%        9
 Tornado                  Air            0%         N/A       100%        9


Dungeon Overview and Level Annotations

Branches:
Dungeon (15/15)            Temple (1/1) D:4            Lair (6/6) D:10
  Swamp (4/4) Lair:3        Snake (4/4) Lair:2        Slime (0/5) Lair:6
    Orc (2/2) D:9             Elf (3/3) Orc:2        Vaults (5/5) D:14
  Crypt (0/3) Vaults:3     Depths (0/5) D:15        Ossuary (visited)
Gauntlet (visited)

Altars:
Ashenzari
Cheibriados
Dithmenos
Elyvilon
Fedhas
Gozag
Hepliaklqana
Kikubaaqudgha
Makhleb
Nemelex Xobeh
Okawaru
Qazlal
Ru
Sif Muna
Trog
Uskayaw
Vehumet
Wu Jian
Xom
Yredelemnul
Zin
The Shining One
Beogh

Shops:
D:5 =   D:7 *?   Orc:2 *:*(   Elf:1 *::   Elf:2 [   Vaults:1 ((   Vaults:2 (
Vaults:4 ?

Portals:
Trove: Vaults:3 (give 6 scrolls of blinking)

Annotations:
Snake:2 2 transporters, Maoxtue's ghost, journeyman GrFi


Innate Abilities, Weirdness & Mutations

You have a pair of horns on your head.
You reflexively headbutt those who attack you in melee.
You are partially covered in iridescent scales. (AC +2)
You are dopey. (Int -2)
Potions are less effective at restoring your health.
You expend magic power (3 MP) to strengthen your wands.


Message History

Unknown command.
You shoot a bolt.
The bolt pierces through the tengu reaver!!!
You kill the tengu reaver!
Okawaru accepts your kill.
The frost giant hits you with a +0 battleaxe of freezing!
The frost giant freezes you.
Unknown command.
Unknown command.
The frost giant hits you with a +0 battleaxe of freezing!
The frost giant freezes you.
You shoot a bolt. The bolt pierces through the ettin!
The ettin is lightly wounded.
The ettin barely misses you. You furiously retaliate!
You headbutt the ettin, but do no damage.
The ettin hits you with a +0 dire flail!!!
* * * LOW HITPOINT WARNING * * *
You shoot a bolt. The bolt completely misses the ettin.
The ettin hits you with a +0 dire flail.
* * * LOW HITPOINT WARNING * * *
The ettin closely misses you.
You shoot a bolt. The bolt completely misses the ettin.
The ettin hits you with a +0 dire flail!
* * * LOW HITPOINT WARNING * * *
The ettin barely misses you.
You are too injured to fight recklessly!
You are too injured to fight recklessly!
Okay, then.
Things that are here:
a +1 morningstar of venom; a +0 ring mail
Things that are here:
a +0 morningstar; a +0 leather armour
Things that are here:
a +1 long sword; a +1 scale mail of fire resistance; a +2 buckler of fire resistance
As you read the scroll of summoning, it crumbles to dust.
Wisps of shadow whirl around you...
The ettin hits you with a +0 dire flail!!!
* * * LOW HITPOINT WARNING * * *
The ettin hits you with a +0 dire flail!!!
You die...

█.█.█.█.█.█$█.█.█(█ ..█...██..█
█.█.█.█.█)█.█.█.█.██....█..██...█
.█.█.█.█.█.█.█.█.█.█....█..█....█
█.█.█.█.█.█)█.█.█.██....█..█...†.
.█.█.█.█.█.█)█)█.█.█....█.██(....
█.█.█.█.█.█.█.█.█.█.c...█.█.█████
.█.█)█.█.█.█.█C█.█C.....█.███....
.█.█.█.█.█.█.█C█.c..............
██████████████@pc.......███████
...O..p.....c..).......
...p....p..............


███████████████████████ You could see a frost giant, an ettin (strong, ally
target), a friendly frost giant (summoned), a friendly vault warden (summoned),
a friendly ironbound thunderhulk (summoned), a friendly yaktaur captain
(summoned), 2 friendly vault guards, a friendly vault sentinel (summoned) and 3
friendly yaktaurs.

Vanquished Creatures
  Mara (Vaults:4)
  Mennas (Vaults:2)
  Sojobo (Vaults:4)
  Boris (Vaults:3)
  The ghost of Killmatronix the Slayer, a veteran FoHu of Okawaru (Vaults:4)
  Margery (Vaults:3)
  Bai Suzhen (Vaults:2)
  Xtahua (Vaults:4)
  The ghost of Rineidgh the Metallomancer, an adept DrCj of Sif Muna (Vaults:3)
  Nikola (Snake:3)
  Jory (Vaults:4)
  The ghost of Pily the Fetichist, an adept DsWn of Gozag (Vaults:3)
  The ghost of Cusamack the Brawler, an adept TrBe of Trog (Swamp:3)
  Rupert (D:14)
  2 deep elf blademasters (Elf:3)
  A tentacled monstrosity (Swamp:4)
  A lich (Vaults:5)
  3 deep elf master archers (Elf:3)
  A quicksilver dragon (Vaults:2)
  4 sphinxes
  4 thorn hunters
  A storm dragon (Vaults:5)
  The ghost of Cewk the Eclecticist, an adept DEVM of Sif Muna (Vaults:3)
  5 nagarajas (Snake:4)
  Donald (Snake:3)
  9 tengu reavers
  2 fenstrider witches (Swamp:3)
  An iron dragon (Vaults:5)
  An azure jelly (Swamp:4)
  2 frost giants
  4 deep elf sorcerers
  A cacodemon (Gauntlet)
  2 orc warlords
  16 vault wardens
  Aizul (Snake:2)
  11 very ugly things
  18 ironbound preservers
  2 stone giants (Vaults:5)
  5 deep elf elementalists (Elf:3)
  8 war gargoyles
  The ghost of PeterLawrence the Bludgeoner, a journeyman MiFi of Okawaru (Lair:6)
  Nessos (D:14)
  7 bunyips
  A minotaur (Gauntlet)
  4 deep elf demonologists
  5 deep elf annihilators
  2 entropy weavers
  3 dire elephants
  3 eleionomae
  3 ettins
  An eidolon (Vaults:3)
  The ghost of 1player the Blocker, a journeyman GrEE of Qazlal (Lair:4)
  8 deep elf death magi
  A fire dragon (Vaults:1)
  3 crystal guardians (Vaults:4)
  A shambling mangrove (Swamp:4)
  16 yaktaur captains
  15 ironbound thunderhulks
  3 deep elf high priests (Elf:3)
  10 naga warriors
  Erolcha (Orc:1)
  3 great orbs of eyes
  3 ice dragons (Swamp:4)
  5 peacekeepers
  22 hydras
  2 ghost crabs
  6 boulder beetles
  2 rakshasas
  30 vault guards
  2 salamander tyrants (Snake:4)
  An ice dragon (shapeshifter) (Vaults:3)
  11 ironbound frosthearts
  3 ogre magi
  17 anacondas
  6 two-headed ogres
  14 alligators
  21 dancing weapons
  A death knight (D:13)
  2 tengu warriors
  17 centaur warriors
  A vampire mage (Vaults:3)
  8 naga sharpshooters
  Urug (Orc:1)
  6 shock serpents
  2 ironbound beastmasters
  3 hell knights (Vaults:3)
  9 orc high priests (Orc:2)
  Sonja (Orc:2)
  A fire crab (Vaults:1)
  5 skeletal warriors
  18 deep elf knights
  A salamander mystic (Snake:3)
  7 spriggan druids
  A death drake (Swamp:4)
  4 goliath frogs
  45 deep trolls
  A sea snake (shapeshifter) (D:15)
  A sea snake (Snake:1)
  4 bog bodies
  10 deep elf archers
  9 wizards
  2 swamp dragons
  13 naga ritualists
  16 ironbound convokers
  15 deep elf zephyrmancers
  An obsidian statue (D:9)
  3 phantasmal warriors
  2 lindwurms (Vaults:1)
  An orc knight (D:14)
  4 harpies (Vaults:2)
  5 mana vipers
  6 necromancers
  26 ugly things
  30 deep elf pyromancers
  7 manticores
  3 orc sorcerers
  A human zombie (Vaults:1)
  A shadow dragon skeleton (Vaults:1)
  5 will-o-the-wisps
  A wolf spider (Vaults:1)
  3 oklob plants (Lair:6)
  15 salamanders
  An elephant (shapeshifter) (Vaults:2)
  A tengu skeleton (Vaults:4)
  4 cyclopes
  A guardian serpent (shapeshifter) (Vaults:2)
  15 elephants
  18 naga magi
  A torpor snail (Lair:6)
  43 black mambas
  17 vault sentinels
  2 molten gargoyles (Vaults:1)
  8 centaur zombies
  16 guardian serpents
  8 cane toads
  A cane toad (shapeshifter) (D:15)
  An unseen horror (D:11)
  4 rime drakes
  2 gargoyles
  5 freezing wraiths
  A tengu conjurer (Gauntlet)
  2 efreet (D:13)
  41 yaktaurs
  4 komodo dragons
  2 hellwings (D:9)
  6 bloated husks
  6 polar bears (Lair:6)
  Prince Ribbit (D:6)
  5 meliai
  A queen bee (Lair:6)
  8 trolls
  6 tyrant leeches
  33 blink frogs
  12 dream sheep
  36 slime creatures
  16 hornets
  An ettin zombie (Vaults:4)
  A fire giant simulacrum (Vaults:1)
  A meliai zombie (D:10)
  5 flying skulls (Gauntlet)
  A water elemental (Elf:3)
  2 air elementals
  4 redbacks (Vaults:3)
  51 yaks
  27 spriggans
  4 wyverns
  An elf zombie (Vaults:4)
  A shadow (D:11)
  3 wraiths
  16 humans (D:14)
  Grum (D:9)
  Eustachio (D:4)
  A hog (Vaults:1)
  5 basilisks
  4 fire elementals
  A human simulacrum (Vaults:4)
  2 neqoxecs (Gauntlet)
  4 swamp worm simulacra (Swamp:4)
  2 steam dragons
  12 vampire mosquitoes
  8 wargs
  Menkaure (D:6)
  56 nagas
  15 swamp worms
  30 water moccasins
  A floating eye (shapeshifter) (D:15)
  15 hydra simulacra (Swamp:4)
  A hell hound (Swamp:2)
  3 swamp drakes
  21 orc warriors
  A necrophage (D:7)
  2 sky beasts
  6 black bears
  2 ice beasts
  9 ogres
  10 boggarts
  30 wolves
  5 centaurs
  The ghost of HoaS the Twirler, an amateur GrGl (D:3)
  3 kobold brigands (D:9)
  13 bullfrogs
  Blork the orc (D:6)
  5 gnoll sergeants (D:9)
  A scorpion (D:7)
  6 killer bees (Lair:6)
  9 wights
  A vampire bat (Vaults:1)
  An electric eel (Snake:1)
  4 howler monkeys
  3 lava snakes
  5 jellies
  3 centaur skeletons
  2 gnoll shamans (D:7)
  42 orc priests
  4 hounds
  5 iguanas
  A bullfrog skeleton (D:3)
  Jessica (D:2)
  Terence (D:2)
  7 hell rats (Lair:2)
  17 orc wizards
  A statue (D:9)
  2 polar bear simulacra (Lair:6)
  3 yak simulacra (Lair:6)
  2 wolf simulacra (Lair:6)
  8 mummies (Ossuary)
  23 gnolls
  A howler monkey zombie (D:5)
  8 adders
  5 shadow imps
  4 white imps
  2 ufetubi (D:5)
  4 swamp drake simulacra (Swamp:4)
  An adder skeleton (D:4)
  3 dart slugs
  99 orcs
  4 ball pythons
  8 bats
  7 endoplasms
  7 giant cockroaches
  3 gnoll zombies (Ossuary)
  5 hobgoblins
  5 quokkas
  8 frilled lizards
  11 goblins
  2 hobgoblin zombies (Ossuary)
  6 kobolds
  3 kobold zombies (Ossuary)
  2 rats (D:2)
  4 river rat simulacra (Lair:6)
1749 creatures vanquished.

Vanquished Creatures (others)
  A naga sharpshooter (Snake:3)
  A deep elf knight (Elf:2)
  A dream sheep (Lair:5)
  22 foxfires
  64 fungi
  86 plants
  4 toadstools (D:4)
  10 withered plants (D:9)
189 creatures vanquished.

Grand Total: 1938 creatures vanquished

Notes
Turn   | Place    | Note
-------+----------+-------------------------------------------
     0 | D:1      | nht the Minotaur Hunter began the quest for the Orb.
     0 | D:1      | Reached XP level 1. HP: 18/18 MP: 0/0
   104 | D:1      | Reached XP level 2. HP: 25/25 MP: 1/1
   118 | D:1      | Reached skill level 5 in Crossbows
   771 | D:2      | Noticed Terence
   775 | D:2      | Reached XP level 3. HP: 30/30 MP: 2/2
   777 | D:2      | Killed Terence
   871 | D:2      | Reached XP level 4. HP: 37/37 MP: 3/3
   901 | D:2      | Noticed Jessica
   909 | D:2      | Killed Jessica
  1166 | D:2      | Reached XP level 5. HP: 39/42 MP: 4/4
  1773 | D:4      | Found a staircase to the Ecumenical Temple.
  1802 | Temple   | Entered the Ecumenical Temple
  2215 | Temple   | Became a worshipper of Warmaster Okawaru
  2299 | D:3      | Reached XP level 6. HP: 37/50 MP: 5/5
  2881 | D:3      | Noticed HoaS's ghost (amateur GrGl)
  2890 | D:3      | Found a runed translucent door.
  3314 | D:3      | Killed HoaS's ghost
  3599 | D:4      | Reached XP level 7. HP: 51/58 MP: 6/6
  3649 | D:4      | Reached * piety under Okawaru
  3760 | D:4      | Noticed Eustachio
  3771 | D:4      | Killed Eustachio
  4000 | D:4      | Found a sacrificial altar of Ru.
  4004 | D:4      | Found a snail-covered altar of Cheibriados.
  4084 | D:5      | Entered Level 5 of the Dungeon
  4092 | D:5      | Reached skill level 5 in Fighting
  4303 | D:5      | Reached ** piety under Okawaru
  4304 | D:5      | Reached XP level 8. HP: 70/70 MP: 7/7
  4307 | D:5      | Reached skill level 10 in Crossbows
  4832 | D:5      | Found Erchur's Jewellery Shoppe.
  5500 | D:6      | Reached skill level 1 in Armour
  5500 | D:6      | Reached skill level 1 in Invocations
  6017 | D:6      | Reached XP level 9. HP: 73/81 MP: 9/9
  6108 | D:6      | Noticed Prince Ribbit
  6116 | D:6      | Noticed Blork the orc
  6127 | D:6      | Killed Blork the orc
  6257 | D:6      | Noticed Menkaure
  6260 | D:6      | Killed Menkaure
  6323 | D:6      | Killed Prince Ribbit
  6323 | D:6      | Reached *** piety under Okawaru
  6400 | D:6      | Identified the +1 robe of the Fletcher {Str+2 Dex+4}
  6837 | D:7      | Found a sand-covered staircase.
  6864 | Ossuary  | Entered an ossuary
  7024 | Ossuary  | Received a gift from Okawaru
  7282 | D:7      | Received a gift from Okawaru
  7343 | D:7      | Reached skill level 5 in Armour
  7504 | D:7      | Found Boirhos's Magic Scroll Boutique.
  7522 | D:7      | Bought a scroll of magic mapping for 42 gold pieces
  7522 | D:7      | Bought a scroll of teleportation for 36 gold pieces
  7522 | D:7      | Bought a scroll of noise for 12 gold pieces
  7522 | D:7      | Bought a scroll of fear for 42 gold pieces
  7522 | D:7      | Bought a scroll of enchant weapon for 90 gold pieces
  7522 | D:7      | Bought a scroll of enchant armour for 90 gold pieces
  7522 | D:7      | Bought a scroll of identify for 24 gold pieces
  7522 | D:7      | Bought a scroll of identify for 24 gold pieces
  7522 | D:7      | Bought a scroll of identify for 24 gold pieces
  7522 | D:7      | Bought a scroll of identify for 24 gold pieces
  7522 | D:7      | Bought a scroll of identify for 24 gold pieces
  7522 | D:7      | Bought a scroll of identify for 24 gold pieces
  8143 | D:7      | Found Zueludur's General Store.
  8162 | D:7      | Bought a potion of resistance for 160 gold pieces
  8196 | D:7      | Reached XP level 10. HP: 57/91 MP: 12/12
  8587 | D:8      | Reached **** piety under Okawaru
  8673 | D:8      | Found Ywycw's Hydra Hut.
  8678 | D:8      | Noticed an eight-headed hydra
  8729 | D:8      | Noticed a two-headed ogre
  8735 | D:8      | Killed a two-headed ogre
  8736 | D:8      | Reached skill level 5 in Invocations
  8904 | D:8      | Noticed a gargoyle
  8912 | D:8      | Killed a gargoyle
  8913 | D:8      | Reached skill level 10 in Fighting
  9025 | D:8      | Received a gift from Okawaru
  9511 | D:9      | Reached ***** piety under Okawaru
  9618 | D:9      | Found a radiant altar of Vehumet.
  9674 | D:9      | Received a gift from Okawaru
  9777 | D:9      | Received a gift from Okawaru
 10110 | D:9      | Received a gift from Okawaru
 10111 | D:9      | Reached XP level 11. HP: 94/101 MP: 14/14
 10143 | D:9      | Noticed Grum
 10150 | D:9      | Killed Grum
 10186 | D:9      | Received a gift from Okawaru
 10215 | D:9      | nasty vault
 10792 | D:9      | Found the +3 warlock's mirror {reflect}
 10803 | D:9      | Found a basalt altar of Yredelemnul.
 10809 | D:9      | Found an opulent altar of Gozag.
 10813 | D:9      | Found a glowing silver altar of Zin.
 10835 | D:9      | Found a hazy altar of Hepliaklqana.
 10840 | D:9      | Found an ancient bone altar of Kikubaaqudgha.
 10847 | D:9      | Found a burning altar of Makhleb.
 10852 | D:9      | Found a shadowy altar of Dithmenos.
 10984 | D:9      | Noticed an obsidian statue
 10989 | D:9      | Noticed a sixfirhy
 11026 | D:9      | Killed an obsidian statue
 11078 | D:9      | Found a staircase to the Orcish Mines.
 11276 | D:10     | Entered Level 10 of the Dungeon
 11436 | D:10     | Noticed a two-headed ogre
 11439 | D:10     | Received a gift from Okawaru
 11447 | D:10     | Killed a two-headed ogre
 11447 | D:10     | Received a gift from Okawaru
 11609 | D:10     | Found a staircase to the Lair.
 12031 | D:10     | Found a sparkling altar of Nemelex Xobeh.
 12468 | D:11     | Noticed a deep elf pyromancer
 12474 | D:11     | Killed a deep elf pyromancer
 12558 | D:11     | Reached XP level 12. HP: 85/112 MP: 17/17
 12676 | D:11     | Noticed a boulder beetle
 12681 | D:11     | Killed a boulder beetle
 12743 | D:11     | Noticed a six-headed hydra
 12747 | D:11     | Killed a six-headed hydra
 13037 | D:11     | Noticed a boulder beetle
 13042 | D:11     | Killed a boulder beetle
 13043 | D:11     | Reached skill level 10 in Armour
 13352 | Orc:1    | Entered Level 1 of the Orcish Mines
 13356 | Orc:1    | Noticed Urug
 13365 | Orc:1    | Killed Urug
 13545 | Orc:1    | Noticed an orc warlord
 13566 | Orc:1    | Killed an orc warlord
 13566 | Orc:1    | Identified the +6 hand crossbow of the Baking Shrike
                  | {penet, rElec rPois rF+ rN+ Dex-3} (Okawaru gifted it to
                  | you on level 1 of the Orcish Mines)
 13566 | Orc:1    | Received a gift from Okawaru
 13585 | Orc:2    | Entered Level 2 of the Orcish Mines
 14097 | Orc:1    | Noticed Erolcha
 14103 | Orc:1    | Cast into level 1 of the Abyss (Erolcha)
 14103 | Abyss:1  | Found a corrupted altar of Lugonu.
 14115 | Orc:1    | Escaped the Abyss
 14118 | Orc:1    | Killed Erolcha
 14592 | Orc:2    | Found a staircase to the Elven Halls.
 14872 | Orc:2    | Noticed an orc warlord
 14988 | Orc:2    | Killed an orc warlord
 14989 | Orc:2    | Reached skill level 15 in Crossbows
 15133 | Orc:2    | Noticed Sonja
 15138 | Orc:2    | Killed Sonja
 15138 | Orc:2    | Received a gift from Okawaru
 15293 | Orc:2    | Noticed an orc high priest
 15300 | Orc:2    | Killed an orc high priest
 15301 | Orc:2    | Reached XP level 13. HP: 113/122 MP: 12/19
 15350 | Orc:2    | Received a gift from Okawaru
 15371 | Orc:2    | Found Ethroafur's Antique Weapon Shoppe.
 15371 | Orc:2    | Found Arukh's Assorted Antiques.
 15971 | Orc:2    | Found Moomp's Book Shoppe.
 15999 | Orc:2    | Found Ihymp's General Store.
 16252 | Orc:2    | Bought a scroll labelled TUEHIA XOYSO for 32 gold pieces
 16252 | Orc:2    | Bought a white potion for 28 gold pieces
 16252 | Orc:2    | Bought a potion of resistance for 320 gold pieces
 16528 | Lair:1   | Entered Level 1 of the Lair of Beasts
 16588 | Lair:1   | Identified a scroll of acquirement
 16596 | Lair:1   | Acquired a manual of Armour
 16924 | Lair:1   | You fall into a shaft and drop 1 floor!
 17281 | Lair:1   | Reached skill level 10 in Invocations
 18081 | Lair:2   | Received a gift from Okawaru
 18371 | Lair:2   | Identified the +1 robe of Pessimism {rN+ Str-3 Dex+4
                  | Stlth+} (Okawaru gifted it to you on level 2 of the Lair of
                  | Beasts)
 18371 | Lair:2   | Received a gift from Okawaru
 18719 | Lair:2   | Reached ****** piety under Okawaru
 18736 | Lair:2   | Reached XP level 14. HP: 132/132 MP: 20/20
 19081 | Lair:2   | Found a staircase to the Snake Pit.
 20212 | Lair:3   | Received a gift from Okawaru
 20671 | Lair:3   | Found a staircase to the Swamp.
 21238 | Lair:3   | Identified the +1 leather armour of the Nightingale {rC++
                  | rN+ Dex-2 SInv}
 21270 | Swamp:1  | Entered Level 1 of the Swamp
 21623 | Lair:4   | Found a runed translucent door.
 21624 | Lair:4   | Noticed 1player's ghost (journeyman GrEE)
 21649 | Lair:4   | Reached skill level 15 in Armour
 21914 | Lair:4   | Received a gift from Okawaru
 22277 | Lair:4   | Killed 1player's ghost
 23254 | Lair:6   | Entered Level 6 of the Lair of Beasts
 23254 | Lair:6   | Found a transporter.
 23380 | Lair:6   | Found a transporter.
 23382 | Lair:6   | Noticed PeterLawrence's ghost (journeyman MiFi)
 23529 | Lair:6   | Found a staircase to the Slime Pits.
 23684 | Lair:6   | Reached XP level 15. HP: 105/138 MP: 21/21
 23753 | Lair:6   | Received a gift from Okawaru
 25392 | Lair:6   | wtf is this shit
 25440 | Lair:6   | Killed PeterLawrence's ghost
 25727 | D:12     | Found a gate leading to a gauntlet.
 25733 | Gauntlet | Entered a Gauntlet
 25733 | Gauntlet | Found a transporter.
 25733 | Gauntlet | Found a transporter.
 25755 | Gauntlet | Found a transporter.
 25756 | Gauntlet | Found a transporter.
 25762 | Gauntlet | Found a runed translucent door.
 25765 | Gauntlet | Found a transporter.
 25767 | Gauntlet | Found a transporter.
 25771 | Gauntlet | Found a runed translucent door.
 25773 | Gauntlet | Found a runed translucent door.
 25775 | Gauntlet | Found a transporter.
 25791 | Gauntlet | Found a transporter.
 25806 | Gauntlet | Found a transporter.
 25810 | Gauntlet | Found a transporter.
 25821 | Gauntlet | Found a transporter.
 25822 | Gauntlet | Found a transporter.
 25995 | Gauntlet | Gained mutation: You sometimes lose the ability to read
                  | scrolls when taking damage. [a neqoxec]
 26000 | Gauntlet | Gained mutation: You are weak. (Str -2) [a cacodemon]
 26906 | D:13     | Received a gift from Okawaru
 27156 | D:13     | Received a gift from Okawaru
 27316 | D:13     | Received a gift from Okawaru
 27898 | D:14     | Found a gate to the Vaults.
 27898 | D:14     | Noticed Rupert
 27933 | D:14     | Received a gift from Okawaru
 28054 | D:14     | Killed Rupert
 28055 | D:14     | Reached XP level 16. HP: 137/146 MP: 16/22
 28077 | D:14     | Noticed Nessos
 28085 | D:14     | Killed Nessos
 29329 | D:15     | Entered Level 15 of the Dungeon
 29402 | D:15     | Identified the +5 arbalest "Murmur" {freeze, rN+ Str+2}
                  | (Okawaru gifted it to you on level 15 of the Dungeon)
 29402 | D:15     | Received a gift from Okawaru
 29940 | D:15     | Found a staircase to the Depths.
 30405 | Snake:1  | Entered Level 1 of the Snake Pit
 30619 | Snake:1  | Received a gift from Okawaru
 31559 | Snake:2  | Found a transporter.
 31593 | Snake:2  | Found a transporter.
 31708 | Snake:2  | Noticed Maoxtue's ghost (journeyman GrFi)
 31988 | Snake:2  | Noticed Aizul
 32004 | Snake:2  | Killed Aizul
 32511 | Snake:3  | Received a gift from Okawaru
 32586 | Snake:3  | Noticed Nikola
 32703 | Snake:3  | Reached skill level 15 in Fighting
 32716 | Snake:3  | Reached XP level 17. HP: 112/156 MP: 17/24
 33096 | Snake:3  | Killed Nikola
 33096 | Snake:3  | Identified the +9 bardiche "Kopnefy" {antimagic, Dex+6}
                  | (Okawaru gifted it to you on level 3 of the Snake Pit)
 33096 | Snake:3  | Received a gift from Okawaru
 33167 | Snake:3  | Lost mutation: You are weak. (Str -2) [potion of mutation]
 33167 | Snake:3  | Lost mutation: You sometimes lose the ability to read
                  | scrolls when taking damage. [potion of mutation]
 33167 | Snake:3  | Gained mutation: You are partially covered in iridescent
                  | scales. (AC +2) [potion of mutation]
 33167 | Snake:3  | Gained mutation: You are dopey. (Int -2) [potion of
                  | mutation]
 33167 | Snake:3  | Gained mutation: Potions are less effective at restoring
                  | your health. [potion of mutation]
 33167 | Snake:3  | Gained mutation: You expend magic power (3 MP) to
                  | strengthen your wands. [potion of mutation]
 33694 | Snake:3  | Noticed Donald
 33702 | Snake:3  | Killed Donald
 33851 | Snake:4  | Entered Level 4 of the Snake Pit
 34718 | Snake:4  | Received a gift from Okawaru
 34842 | Snake:4  | Received a gift from Okawaru
 34860 | Snake:4  | Reached XP level 18. HP: 72/167 MP: 26/26
 35101 | Snake:4  | Got a serpentine rune of Zot
 35834 | Elf:1    | Entered Level 1 of the Elven Halls
 35834 | Elf:1    | Found Zulitius's Book Shop.
 35835 | Elf:1    | Found Odeotim's Jewellery Shoppe.
 35836 | Elf:1    | Found Keteyss's Book Shop.
 35980 | Elf:1    | Found Hets's Assorted Antiques.
 36446 | Elf:1    | Identified the Almanac of Supportive Blows and Bruises
 37059 | Elf:2    | Found Bolenn's Armour Emporium.
 37183 | Elf:2    | Found a runed translucent gate.
 37183 | Elf:2    | Found a runed translucent gate.
 37187 | Elf:2    | Found a runed translucent gate.
 37354 | Elf:2    | Received a gift from Okawaru
 37675 | Elf:2    | Received a gift from Okawaru
 38102 | Elf:3    | Entered Level 3 of the Elven Halls
 38970 | Elf:3    | Received a gift from Okawaru
 38990 | Elf:3    | Received a gift from Okawaru
 39056 | Elf:3    | Reached XP level 19. HP: 175/177 MP: 28/28
 39274 | Elf:3    | Received a gift from Okawaru
 39305 | Elf:3    | Identified Roliqe Qoid's Incunabulum of Confrontation
 39573 | Elf:3    | Identified the +7 quarterstaff "Yptoak" {vorpal, rElec
                  | Str+3}
 39689 | Elf:3    | Identified the +5 mace of the End {vorpal, *Rage MP+9
                  | Str+5}
 39751 | Elf:3    | Found the +6 Majin-Bo {vamp, MP+6 Int+6}
 39759 | Elf:3    | Identified the +6 scale mail of the Manifold Ziggurats
                  | {Contam Will+ Int+6}
 39774 | Elf:3    | Identified Iptim's Volume of Transformation and the Voyage
 39847 | Elf:3    | Identified the +8 scythe of Gravity {protect, Drain rElec
                  | rC+ Int+3}
 39848 | Elf:3    | Received a gift from Okawaru
 39865 | Elf:3    | Identified the +8 arbalest "Ibretosi" {flame, Will+ rCorr
                  | Str+2}
 39889 | Elf:3    | Identified the +11 spear "Demonbane" {vorpal, Int+2}
 39963 | Elf:3    | Identified the +4 shortbow of Profit {vorpal, Drain rPois
                  | rF+++ Will-}
 40068 | Elf:3    | Identified the +9 spear of Bodily Harmony {pain, rElec rC-
                  | Dex+6 Stlth+}
 40477 | Swamp:2  | Identified the +6 kite shield "Kuyvoqoss" {rF- rC+ Regen+
                  | Str+2} (Okawaru gifted it to you on level 2 of the Swamp)
 40477 | Swamp:2  | Received a gift from Okawaru
 40932 | Swamp:2  | Acquired the +4 arbalest of Wuits {penet, rElec rN+ Int+5
                  | Dex-5}
 41525 | Swamp:3  | Found a runed translucent door.
 41527 | Swamp:3  | Noticed Cusamack's ghost (adept TrBe)
 41551 | Swamp:3  | Killed Cusamack's ghost
 41577 | Swamp:4  | Entered Level 4 of the Swamp
 42305 | Swamp:4  | Received a gift from Okawaru
 42316 | Swamp:4  | Reached XP level 20. HP: 183/191 MP: 29/29
 42983 | Swamp:4  | Got a decaying rune of Zot
 43312 | Swamp:1  | Identified the +7 triple crossbow of Generosity {penet, rF-
                  | rN++ Will+ Int+8} (Okawaru gifted it to you on level 1 of
                  | the Swamp)
 43312 | Swamp:1  | Received a gift from Okawaru
 43843 | Vaults:1 | Entered Level 1 of the Vaults
 44358 | Vaults:1 | Identified the +8 chain mail of Cynicism {Contam Fly rF+++
                  | Regen+} (Okawaru gifted it to you on level 1 of the Vaults)
 44358 | Vaults:1 | Received a gift from Okawaru
 45003 | Vaults:1 | Identified the +8 long sword "Feokk" {elec, rPois rF+ rCorr
                  | Str-5}
 45038 | Vaults:1 | Found Kiathrasm's Antique Weapon Shoppe.
 45055 | Vaults:1 | Found Mungag Sepp's Weapon Boutique.
 45291 | Vaults:1 | Reached XP level 21. HP: 164/210 MP: 30/30
 45301 | Vaults:1 | Identified the Handbook of Shape Shifting
 45442 | Vaults:1 | Identified the +0 pair of boots of Lust {rElec Slay+4}
 45442 | Vaults:1 | Identified Iluod's Tome of the Arsonist
 45712 | Vaults:2 | Received a gift from Okawaru
 46171 | Vaults:2 | Found Umno Keipna's Antique Weapon Boutique.
 46175 | Vaults:2 | Noticed Bai Suzhen
 46180 | Vaults:2 | Noticed Mennas
 46183 | Vaults:2 | Killed Mennas
 46183 | Vaults:2 | Identified the +2 buckler "Wethur" {Str+4} (Okawaru gifted
                  | it to you on level 2 of the Vaults)
 46183 | Vaults:2 | Received a gift from Okawaru
 46192 | Vaults:2 | Killed Bai Suzhen
 47699 | Vaults:3 | Reached skill level 27 in Crossbows
 47709 | Vaults:3 | Received a gift from Okawaru
 47809 | Vaults:3 | Noticed Margery
 47819 | Vaults:3 | Killed Margery
 47832 | Vaults:3 | Reached XP level 22. HP: 134/220 MP: 31/31
 47869 | Vaults:3 | Acquired 1234 gold pieces
 48284 | Vaults:3 | Found a portal to a secret trove of treasure.
 48425 | Vaults:3 | Found a runed translucent gate.
 48425 | Vaults:3 | Found a runed translucent gate.
 48425 | Vaults:3 | Found a runed translucent gate.
 48509 | Vaults:3 | Noticed Boris
 48524 | Vaults:3 | Killed Boris
 48524 | Vaults:3 | Received a gift from Okawaru
 48698 | Vaults:3 | Found a staircase to the Crypt.
 49046 | Vaults:3 | Noticed Pily's ghost (adept DsWn)
 49046 | Vaults:3 | Noticed Rineidgh's ghost (adept DrCj)
 49046 | Vaults:3 | Noticed Cewk's ghost (adept DEVM)
 49069 | Vaults:3 | Killed Pily's ghost
 49072 | Vaults:3 | Killed Cewk's ghost
 49081 | Vaults:3 | Killed Rineidgh's ghost
 49120 | Vaults:3 | Identified the Tome of Confrontation
 49578 | Vaults:4 | Found Wadian's Magic Scroll Emporium.
 49584 | Vaults:4 | Bought a scroll of teleportation for 48 gold pieces
 49584 | Vaults:4 | Bought a scroll of fear for 56 gold pieces
 49584 | Vaults:4 | Bought a scroll of magic mapping for 56 gold pieces
 49584 | Vaults:4 | Bought a scroll of teleportation for 48 gold pieces
 49584 | Vaults:4 | Bought a scroll of enchant armour for 120 gold pieces
 49606 | Vaults:4 | Noticed Xtahua
 49626 | Vaults:4 | Killed Xtahua
 49626 | Vaults:4 | Identified the +0 hat of the Festooned Grue {rPois rCorr
                  | Int-5} (Okawaru gifted it to you on level 4 of the Vaults)
 49626 | Vaults:4 | Received a gift from Okawaru
 49627 | Vaults:4 | Noticed Sojobo
 49830 | Vaults:4 | Reached XP level 23. HP: 239/239 MP: 32/32
 50042 | Vaults:4 | Reached skill level 27 in Fighting
 50180 | Vaults:4 | Noticed Mara
 50191 | Vaults:4 | Killed Mara
 50348 | Vaults:4 | Killed Sojobo
 50499 | Vaults:4 | Noticed Jory
 50509 | Vaults:4 | Killed Jory
 50611 | Vaults:4 | Found a runed translucent door.
 50845 | Vaults:4 | Noticed Killmatronix's ghost (veteran FoHu)
 50990 | Vaults:4 | Killed Killmatronix's ghost
 50990 | Vaults:4 | Received a gift from Okawaru
 50991 | Vaults:4 | Reached XP level 24. HP: 186/249 MP: 32/32
 51052 | Vaults:5 | Entered Level 5 of the Vaults
 51485 | Vaults:5 | Annihilated by an ettin

Illustrated notes █ █.█ █ █. .....(. ██. █.█ █ .. .....Z. .. █.███ █ .. [...... █ █>█ █...██ █ .. ∩(..... .█....████..█████ .█.8 .Z........ ...█......█.██... .█.P 5Z......(. █..█.████.█.██.██ ... .4Z.......(██..█.█ █.█..)).) .█ 5P48..(..((.(@((█.█ █.█..████ .██.88. ...(.8██...█.█ █.█..█... ..(... ..8.. ██..█.██ █.█..█... .(██████.███ ████.....███.█..█... 5YZ..YY.. ...........)...█..█._. █4██.Z.. ........█...█.....█... █Y█ █ ████..█.█.█.███...█... █4█ █....█.█.███...█... █Y█ ██......(.██...██.█ Turn 10215 on D:9: nasty vault

........██yy█..███y.█..██........
.██..P..███...█.. █y█.███...██...
██.█.PP..█ ███.y█ ███ █...██.█..
...███..███y█.█...█.█.███....██..
....█...██y.█yy███..█..██...█.█..
........███y.y█yy.█...███.....██.
...█.P...█████yWyyy█ ███.....██..
█████.....█████████████..█.......
.P......█.......@.............█..
........................██..██.P.
.......................██........
......................)..........
...<.............................
...[.............................
.█.█.)..............<....P....█..
█████.[..█..█...█.........█.████.
..█......██.....█......P.██...██.


Turn 25392 on Lair:6: wtf is this shit

Levels and vault maps discovered:
D:1:      roderic_crop_circles_arrival_small, layout_rooms
D:2:      layout_rooms, uniq_jessica, uniq_terence
D:3:      layout_loops_corners, hellmonk_ghost_happy_afterlife
D:4:      cheibrodos_pilgrimage, layout_rooms, minitemple,
          minmay_temple_entry_stoned_glass, minmay_gold_behind_fungi,
          uniq_eustachio
D:5:      layout_basic, serial_shops, nicolae_shop_trees, minmay_diced_spiral
D:6:      layout_rooms, kennysheep_cluttered_room, minmay_checkerbox,
          uniq_prince_ribbit1, uniq_blork_the_orc, uniq_menkaure
D:7:      layout_cave_pools, enter_ossuary_1, serial_shops,
          nicolae_shop_waterfront, shop
D:8:      layout_basic, doesnt_shop_hydraphobe
D:9:      cheibrodos_grave_circle, layout_rooms, vehumet_statue,
          grunt_temple_overflow_octagram,
          kennysheep_orc_monster_closet_entryway, minivault_15, uniq_grum
D:10:     layout_irregular_city, general_overflow_altar,
          minmay_lair_entry_grove, minmay_orc_keep
D:11:     layout_cave_pools
D:12:     layout_loops_ring, gauntlet_entry_generic
D:13:     minmay_angry_zag, layout_irregular_city, grunt_ministairs_12
D:14:     layout_grid_maze, david_vaults_3, uniq_nessos
D:15:     gammafunk_enter_depths_forms, layout_cave_pools,
          chequers_serial_rivers_micro_d
Temple:   minmay_temple_curvy_loop
Lair:1:   layout_cave_pods
Lair:2:   layout_regular_city, minmay_snake_entry_six_corridors, pond
Lair:3:   layout_small_grid, swamp_mist_pool
Lair:4:   layout_regular_city, gammafunk_ghost_grave, serial_bayou_pond_a,
          grunt_megastairs_3, serial_bayou_shore_b
Lair:5:   layout_regular_city
Lair:6:   minmay_lair_end_enchanted_forest, layout_regular_city,
          minmay_slime_entry_oklob_open, gammafunk_ghost_hive,
          eino_house_with_fridge
Swamp:1:  layout_falls_marsh, nicolae_swamp_little_swirl
Swamp:2:  layout_basic_swamp, evilmike_swamp_ruin_rubble_1, swamp_pool1,
          beargit_elvish_explorers
Swamp:3:  layout_falls_marsh, ebering_ghost_inner_flame,
          nicolae_swamp_decorative_isthmus, swamp_pool1, hangedman_swamp_cone,
          roderic_carrion_pond
Swamp:4:  swamp_icy, layout_basic_swamp, swamp_pool1
Snake:1:  layout_misc_corridors, serial_bayou_pond_b, nicolae_snake_squiggles,
          nrook_guardian_serpent_ordinary
Snake:2:  layout_chambers, gammafunk_ghost_berserking_beasts,
          grunt_megastairs_1, uniq_aizul
Snake:3:  layout_cave_pods, uniq_nikola, uniq_donald
Snake:4:  grunt_snake_rune_serpentine_throne, layout_basic
Orc:1:    layout_caves, uniq_urug, uniq_erolcha
Orc:2:    st_orc_town, layout_diamond_mine, nicolae_orc_crystal_geode,
          uniq_sonja
Elf:1:    layout_loops_corners, serial_shops, shop, minmay_elf_sorcery,
          minmay_shop_grove
Elf:2:    layout_loops_cross, serial_shops, shop, grunt_ministairs_4
Elf:3:    minmay_elf_hall_statues, layout_rooms, grunt_ministairs_14,
          minmay_elf_annihilation
Vaults:1: v_pattern_2, nicolae_vaults_circle_grid_b, nicolae_vaults_what_the_h,
          nicolae_vaults_stairing_the_circle, vaults_dpeg_cross,
          ontoclasm_vaults_claustrophobia, hangedman_vaults_pinch,
          vaults_room_stairs_pillars, hangedman_vaults_trim,
          hangedman_vaults_restitches, st_check, vaults_room_grid,
          nicolae_vaults_angled_halls, nicolae_vaults_rhombus_5,
          vaults_mumra_chevron, layout_vaults_omnibox, serial_shops, shop,
          shop_fountains, serial_hangedman_research,
          hangedman_research_metamorphosis, hangedman_research_pyrotechnics
Vaults:2: dpeg_vaults_pockets_of_resistance, hangedman_vaults_trim,
          hangedman_vaults_trim, nicolae_vaults_puzzle_piece,
          ontoclasm_vaults_misaligned, hangedman_vaults_snaps,
          ontoclasm_vaults_twist, vaults_dpeg_diagonal, ontoclasm_vaults_tryst,
          layout_vaults_omnigrid, serial_shops, nicolae_shop_overgrown_old_shop,
          uniq_mennas, uniq_bai_suzhen
Vaults:3: gammafunk_vaults_ghost_cemetery, minmay_crypt_entry_simple_statues,
          v_misc_12, nicolae_vaults_hallways_thing, nicolae_vaults_theta,
          vaults_mumra_lcd, vaults_room_semicircle, v_misc_3,
          ontoclasm_vaults_ring_square, v_alt_pattern_1,
          dpeg_vaults_monster_row, layout_vaults_omnicross,
          nicolae_trove_entry_isolated, uniq_margery, uniq_boris
Vaults:4: ebering_vaults_ghost_reflecting_pool, v_pattern_3, vaults_mumra_hex,
          hangedman_vaults_slice, ontoclasm_vaults_chip, hangedman_vaults_trim,
          hangedman_vaults_capsules, ontoclasm_vaults_bender,
          nicolae_vaults_little_squares_5, nicolae_vaults_shelves_hall,
          layout_vaults_chaotic_city, serial_shops, shop, uniq_xtahua,
          uniq_mara, uniq_jory, uniq_sojobo
Vaults:5: serial_shops, uniq_saint_roka

Skill      XL: |  1  2  3  4  5  6  7  8  9 10 11 12 13 14 15 16 17 18 19 20 21 22 23 24 |
---------------+-------------------------------------------------------------------------+-----
Crossbows      | 5 6 7 8 9 10 11 12 13 15 16 19 21 22 23 24 26 27 | 27.0
Fighting       | 3 6 8 9 10 12 13 14 15 16 17 19 22 24 26 27 | 27.0
Armour         | 2 5 7 9 11 13 16 18 19 21 | 21.2
Invocations    | 2 4 6 8 9 10 11 12 13 14 | 14.0
Dodging        | |  2.1
Stealth        | |  0.7

Action                   |  1- 3 |  4- 6 |  7- 9 | 10-12 | 13-15 | 16-18 | 19-21 | 22-24 || total
-------------------------+-------+-------+-------+-------+-------+-------+-------+-------++-------
Melee: Short sword       |     1 |   133 |    64 |       |       |       |       |       ||   198
       Headbutt          |       |    13 |    10 |     1 |       |       |       |       ||    24
       Spear             |       |       |     6 |       |       |       |       |       ||     6
       Arbalest          |       |       |       |     1 |       |       |       |       ||     1
 Fire: Hand crossbow     |    65 |     5 |   327 |   261 |       |       |       |       ||   658
       Arbalest          |       |       |       |   348 |  1028 |       |       |       ||  1376
       Triple crossbow   |       |       |       |       |   146 |  1164 |  1213 |   539 ||  3062
Invok: Finesse           |       |       |       |     3 |     9 |    11 |     4 |     4 ||    31
       Heroism           |       |       |       |     2 |     7 |     8 |     2 |     2 ||    21
Evoke: Wand              |       |     4 |       |    12 |       |       |       |       ||    16
       Condenser vane    |       |       |       |     1 |     2 |     1 |       |       ||     4
  Use: Scroll            |     3 |     3 |    14 |     2 |    14 |     9 |     7 |     4 ||    56
       Potion            |       |     1 |     3 |     4 |     1 |     7 |       |     1 ||    17
 Stab: Sleeping          |       |     1 |       |       |       |       |       |       ||     1
Armor: Leather armour    |     9 |    13 |       |       |       |       |       |       ||    22
       Plate armour      |       |    20 |   118 |   280 |    28 |       |       |       ||   446
       Scale mail        |       |       |       |       |   285 |    43 |       |       ||   328
       Pearl dragon scal |       |       |       |       |       |   289 |   297 |       ||   586
       Chain mail        |       |       |       |       |       |       |   197 |   191 ||   388
Dodge: Dodged            |    18 |    59 |    54 |   128 |   257 |   201 |   313 |   145 ||  1175

Table legend: (Time is in decaauts)
 A = Elapsed time spent in this place.
 B = Non-inter-level travel time spent in this place.
 C = Inter-level travel time spent in this place.
 D = Time resting spent in this place.
 E = Time spent auto-exploring this place.
 F = Levels seen in this place.
 G = Mean time per level.
                   A        B        C        D        E       F      G
               +--------+--------+--------+--------+--------+-----+--------+
         Total |  51790 |  48569 |   3221 |   1637 |  37546 |  43 | 1204.4 |
       Dungeon |  17645 |  16586 |   1059 |    570 |  13221 |  15 | 1176.3 |
        Temple |    431 |    406 |     25 |      0 |    404 |   1 |  431.0 |
          Lair |   9244 |   8544 |    700 |    239 |   7056 |   6 | 1540.7 |
         Swamp |   3715 |   3522 |    193 |     70 |   2571 |   4 |  928.8 |
     Snake Pit |   5259 |   4925 |    334 |    212 |   3627 |   4 | 1314.8 |
  Orcish Mines |   2927 |   2702 |    225 |    236 |   1979 |   2 | 1463.5 |
   Elven Halls |   4327 |   3893 |    434 |    210 |   2811 |   3 | 1442.3 |
        Vaults |   7571 |   7323 |    248 |    100 |   5515 |   5 | 1514.2 |
         Abyss |     11 |     11 |      0 |      0 |      0 |   1 |   11.0 |
       Ossuary |    327 |    327 |      0 |      0 |    241 |   1 |  327.0 |
      Gauntlet |    328 |    328 |      0 |      0 |    119 |   1 |  328.0 |
               +--------+--------+--------+--------+--------+-----+--------+

Top non-repeatable levels by time:
  Lair:6: 2221 daAuts
     D:9: 1958 daAuts
Vaults:2: 1905 daAuts
  Lair:1: 1903 daAuts
Vaults:4: 1865 daAuts
Vaults:1: 1846 daAuts
   Elf:3: 1791 daAuts
   Orc:2: 1772 daAuts
  Lair:3: 1736 daAuts
 Snake:4: 1719 daAuts
     D:5: 1555 daAuts
Vaults:3: 1554 daAuts
  Lair:2: 1495 daAuts
 Snake:2: 1439 daAuts
     D:7: 1409 daAuts
